 Dungeon Crawl Stone Soup version 0.28.0 (webtiles) character file.

Game seed: 13601008953085561671

2811 Akaron the Digger (level 9, -2/51 HPs)
             Began as an Octopode Earth Elementalist on Feb 6, 2022.
             Was a Follower of Vehumet.
             Slain by a wyvern (10 damage)
             ... on level 8 of the Dungeon.
             The game lasted 00:21:26 (8191 turns).

Akaron the Digger (Octopode Earth Elementalist)     Turns: 8191, Time: 00:21:27

Health: -2/51      AC:  5    Str:  7    XL:     9   Next: 72%
Magic:  20/31      EV: 13    Int: 21    God:    Vehumet [*.....]
Gold:   496        SH:  4    Dex: 13    Spells: 12/22 levels left

rFire   . . .      SeeInvis .   k - +3 spear "Acarineslayer" {speed, +Blink rPois rN++ MP+9}
rCold   . . .      Faith    .   (no shield)
rNeg    + + .      Spirit   .   (helmet restricted)
rPois   +          Reflect  .   (no amulet)
rElec   .          Harm     .   y - +4 ring of protection
rCorr   .          Rampage  .   (no ring)
Will    .....                   (no ring)
Stlth   ++++......              (no ring)
HPRegen 0.17/turn               (no ring)
MPRegen 0.22/turn               (no ring)
                                (no ring)
                                (no ring)

@: unable to read
A: almost no armour, amphibious, 8 rings, camouflage 1, gelatinous body 1,
(nimble swimmer 1), tentacles, large bone plates 1, high MP 1, inability to read
while threatened
a: Renounce Religion, Evoke Blink


You were on level 8 of the Dungeon.
You worshipped Vehumet.
Vehumet was aware of your devotion.
You visited 2 branches of the dungeon, and saw 9 of its levels.

You collected 496 gold pieces.

Inventory:

Hand Weapons
 k - the +3 spear "Acarineslayer" (weapon) {speed, +Blink rPois rN++ MP+9}
   (You found it on level 2 of the Dungeon)

   Attacks with this weapon are significantly faster.
   rPois:     It protects you from poison.
   rN:        It greatly protects you from negative energy.
   MP:        It affects your magic capacity (+9).
   +Blink:    It lets you blink.
 z - a +1 mace of protection
Missiles
 b - 220 stones
 n - 16 poisoned darts
Magical Staves
 A - a staff of air
Jewellery
 g - a ring of willpower
 y - a +4 ring of protection (left tentacle)
Wands
 B - a wand of flame (26)
Scrolls
 a - 4 scrolls of teleportation
 c - 2 scrolls of enchant weapon {unknown}
 e - 3 scrolls of enchant armour
 f - 3 scrolls of brand weapon
 i - a scroll of summoning {unknown}
 p - 2 scrolls of amnesia {unknown}
 s - a scroll of vulnerability {unknown}
 u - a scroll of torment {unknown}
 x - a scroll of fear {unknown}
Potions
 d - 2 potions of brilliance
 h - 2 potions of heal wounds
 j - 2 potions of curing
 l - a potion of invisibility {unknown}
 m - a potion of mutation
 o - a potion of degeneration {unknown}
 q - 2 potions of might
 r - 2 potions of attraction {unknown}
 t - 3 potions of berserk rage
 v - 2 potions of haste {unknown}
 w - a potion of magic {unknown}


   Skills:
 + Level 0.1 Fighting
 + Level 2.6 Dodging
 + Level 4.5 Stealth
 + Level 0.2 Unarmed Combat
 + Level 7.3 Spellcasting
 + Level 5.9 Conjurations
 * Level 3.6 Transmutations
 + Level 7.6 Earth Magic
 + Level 0.1 Evocations


You had 12 spell levels left.
You knew the following spells:

 Your Spells              Type           Power      Damage    Failure   Level
a - Sandblast             Erth           78%        2d17      1%          1
b - Passwall              Tmut/Erth      25%        N/A       1%          2
c - Stone Arrow           Conj/Erth      72%        3d11      1%          3
d - Petrify               Tmut/Erth      31%        N/A       9%          4

Your spell library contained the following spells:

 Spells                   Type           Power      Damage    Failure   Level
 Foxfire                  Conj/Fire      80%        2x1d8     2%          1
 Animate Skeleton         Necr           14%        N/A       9%          1
 Pain                     Necr           28%        1d5       9%          1
 Summon Small Mammal      Summ           28%        N/A       9%          1
 Call Canine Familiar     Summ           7%         N/A       26%         3
 Summon Guardian Golem    Hex/Summ       7%         N/A       26%         3
 Vampiric Draining        Necr           7%         2d6       26%         3
 Chain Lightning          Conj/Air       10%        3d13      100%        9
 Fire Storm               Conj/Fire      10%        8d3       100%        9
 Shatter                  Erth           19%        3d18*     100%        9


Dungeon Overview and Level Annotations

Branches:
Dungeon (8/15)             Temple (1/1) D:4            Lair (0/6) D:8

Altars:
Ashenzari
Cheibriados
Dithmenos
Elyvilon
Fedhas
Gozag
Hepliaklqana
Kikubaaqudgha
Makhleb
Nemelex Xobeh
Okawaru
Qazlal
Ru
Sif Muna
Trog
Uskayaw
Vehumet
Wu Jian
Xom
Yredelemnul
Zin

Annotations:
D:7 4 runed translucent doors


Innate Abilities, Weirdness & Mutations

You cannot wear most types of armour.
You are amphibious.
You can wear up to eight rings at the same time.
Your skin changes colour to match your surroundings (Stealth+).
Your rubbery body absorbs attacks. (AC +1, EV +1)
((You are camouflaged when in or above water. (Stealth+)))
You have tentacles for arms and can constrict up to eight enemies at once.
You are partially covered in large bone plates. (SH +4)
You have an increased reservoir of magic. (+10% MP)
You sometimes lose the ability to read scrolls when taking damage.


Message History

Found 24 arrows.
You open the large door.
A wyvern comes into view.
The wyvern hisses angrily.
Found 5 gold pieces, a scroll labelled ZURAAR PAAS and a book of Hexes.
The stone arrow hits the wyvern!
The wyvern is moderately wounded.
The wyvern bites you!
The stone arrow misses the wyvern.
The wyvern bites you!
You feel threatened and lose the ability to read scrolls!
The stone arrow misses the wyvern.
The wyvern completely misses you. The wyvern bites you.
You are too injured to fight recklessly!
You cannot read scrolls in your current state!
You are too injured to fight recklessly!
The wyvern closely misses you. The wyvern bites you!
* * * LOW HITPOINT WARNING * * *
The wyvern misses you.
You fail to use your ability.
The wyvern bites you but does no damage.
The wyvern bites you.
* * * LOW HITPOINT WARNING * * *
You fail to use your ability.
The wyvern bites you.
* * * LOW HITPOINT WARNING * * *
You feel much better. The wyvern bites you! x2
* * * LOW HITPOINT WARNING * * *
You are too injured to fight recklessly!
Okay, then.
Press: ? - help, v - describe, . - travel
Here: a wyvern (moderately wounded)
The floor.
Casting: Stone Arrow (safe; 1% risk of failure)
Confirm with . or Enter, or press ? or * to list all spells.
Aiming: Petrify (dangerous; 9% risk of failure)
Press: ? - help, Shift-Dir - straight line, f/p - wyvern
Aim: a wyvern (moderately wounded, chance to affect: 61%)
The wyvern resists with significant effort.
The wyvern bites you!
You die...

#...... ##### #...... ##...#
#..## #...... #....# .:...
#.....# #....# .$?. #.#####
#....# #..# #.# #....# ##..##.#.#
# ##....# ......#.# #. ###
#....@####''####.# ... ..#####
#.....l.......#..##...
>.....######.............#..#....
..........###...........##..#....
...##...................##.......
..##########...........###.......
..# ######................ ..#
##....#.......... ..#
###..#####......


You could see a wyvern.

Vanquished Creatures
  Pikel (D:6)
  A shadow (D:8)
  A steam dragon (D:8)
  2 water moccasins
  3 sky beasts
  An ice beast (D:5)
  2 black bears (D:6)
  2 ogres
  A centaur (D:8)
  4 lemures (D:6)
  A phantom (D:5)
  A wyvern zombie (D:3)
  2 bullfrogs (D:7)
  A water moccasin skeleton (D:5)
  A wyvern skeleton (D:7)
  3 wights (D:7)
  A howler monkey (D:8)
  2 jellies
  3 hounds
  A centaur skeleton (D:5)
  5 iguanas
  Jessica (D:2)
  A bullfrog skeleton (D:6)
  3 gnolls (D:3)
  4 adders
  3 shadow imps
  A white imp (D:7)
  An ufetubus (D:7)
  2 worms (D:3)
  A dart slug (D:4)
  19 orcs
  6 ball pythons
  5 endoplasms
  3 giant cockroaches
  4 goblins
  8 hobgoblins
  3 quokkas
  2 bats
  5 frilled lizards
  10 kobolds
  4 rats
125 creatures vanquished.

Notes
Turn   | Place    | Note
-------+----------+-------------------------------------------
     0 | D:1      | Akaron the Octopode Earth Elementalist began the quest for
                  | the Orb.
     0 | D:1      | Reached XP level 1. HP: 11/11 MP: 3/3
   257 | D:1      | Reached XP level 2. HP: 15/17 MP: 0/5
   401 | D:1      | Learned a level 2 spell: Passwall
   721 | D:1      | Reached skill level 1 in Conjurations
   971 | D:2      | Reached XP level 3. HP: 20/21 MP: 2/6
   975 | D:2      | Learned a level 3 spell: Stone Arrow
  1043 | D:2      | Found an ornate altar of the Wu Jian Council.
  1124 | D:2      | Identified the +3 spear "Acarineslayer" {speed, +Blink
                  | rPois rN++ MP+9}
  1352 | D:2      | Noticed Jessica
  1357 | D:2      | Killed Jessica
  1902 | D:3      | Reached XP level 4. HP: 27/27 MP: 7/7
  2397 | D:3      | Reached XP level 5. HP: 31/31 MP: 9/9
  3679 | D:4      | Reached XP level 6. HP: 36/36 MP: 11/11
  3742 | D:4      | Found a staircase to the Ecumenical Temple.
  3807 | Temple   | Entered the Ecumenical Temple
  4050 | Temple   | Became a worshipper of Vehumet
  4546 | D:5      | Entered Level 5 of the Dungeon
  4583 | D:5      | Reached skill level 5 in Earth Magic
  4643 | D:5      | Reached XP level 7. HP: 41/41 MP: 13/13
  4794 | D:5      | Found the +1 Delatra's gloves {ID++}
  4986 | D:5      | Reached skill level 5 in Spellcasting
  5142 | D:5      | Reached XP level 8. HP: 46/46 MP: 14/15
  5653 | D:6      | Identified the +0 hunting sling "Gurim" {vorpal, *Corrode
                  | Dex+4 SInv Stlth+}
  6328 | D:6      | Reached * piety under Vehumet
  6328 | D:6      | Offered knowledge of Foxfire by Vehumet.
  6332 | D:6      | Noticed Pikel
  6334 | D:6      | Learned a level 4 spell: Petrify
  6342 | D:6      | Killed Pikel
  6343 | D:6      | Reached skill level 5 in Conjurations
  6343 | D:6      | Reached XP level 9. HP: 51/51 MP: 7/18
  7253 | D:7      | Found a huge runed translucent gate.
  7253 | D:7      | Found a huge runed translucent gate.
  7253 | D:7      | Found a huge runed translucent gate.
  7253 | D:7      | Noticed a polar bear
  7254 | D:7      | Found a huge runed translucent gate.
  7254 | D:7      | Noticed a polar bear
  7254 | D:7      | Noticed a polar bear
  7254 | D:7      | Noticed a death yak
  7255 | D:7      | Noticed a manticore
  7567 | D:8      | Gained mutation: You have an increased reservoir of magic.
                  | (+10% MP) [potion of mutation]
  7567 | D:8      | Gained mutation: You sometimes lose the ability to read
                  | scrolls when taking damage. [potion of mutation]
  7567 | D:8      | Gained mutation: You are partially covered in large bone
                  | plates. (SH +4) [potion of mutation]
  7910 | D:8      | Found a staircase to the Lair.
  8191 | D:8      | Slain by a wyvern

Illustrated notes

Levels and vault maps discovered:
D:1:      dpeg_arrival_pond, layout_rooms
D:2:      layout_basic, basic_altar, uniq_jessica
D:3:      layout_rooms
D:4:      nicolae_cairo_tiling, layout_loops_cross,
          minmay_temple_entry_butterflies
D:5:      layout_gridville
D:6:      layout_basic, chequers_serial_rivers_micro_e, uniq_pikel
D:7:      lemuel_bear_cage, layout_cave_pools
D:8:      layout_cave_pods, lair_entry_dummy, hangedman_decor_lopped,
          moated_statue, kennysheep_generic_room_5
Temple:   mainiacjoe_temple_hex_bubbles

Skill      XL: |  1  2  3  4  5  6  7  8  9 |
---------------+----------------------------+-----
Conjurations   | 1 2 3 5 |  5.9
Spellcasting   | 3 4 5 6 7 |  7.3
Earth Magic    | 4 5 6 7 |  7.6
Stealth        | 3 4 |  4.5
Transmutations | 2 3 |  3.6
Fighting       | |  0.1
Dodging        | |  2.6
Unarmed Combat | |  0.2
Evocations     | |  0.1

Action                   |  1- 3 |  4- 6 |  7- 9 || total
-------------------------+-------+-------+-------++-------
Melee: Unarmed           |     7 |       |       ||     7
       Tentacles         |     3 |       |     2 ||     5
       Constrict         |     1 |       |     1 ||     2
       Spear             |       |     4 |     5 ||     9
 Cast: Sandblast         |    35 |    90 |       ||   125
       Stone Arrow       |       |     4 |   105 ||   109
       Petrify           |       |       |     1 ||     1
 Abil: Evoke Blink       |       |       |     1 ||     1
  Use: Scroll            |       |       |     9 ||     9
       Potion            |       |       |     2 ||     2
Armor: Skin              |     1 |     4 |    11 ||    16
Dodge: Dodged            |     9 |    33 |    21 ||    63
Block: Other             |       |       |     1 ||     1
